 Dungeon Crawl Stone Soup version 0.21-a0-358-g8928369 (webtiles) character file.

105 Dfrag the Firebug (level 4, -2/30 HPs)
             Began as a Demonspawn Fire Elementalist on Oct 13, 2017.
             Slain by a water moccasin (5 damage)
             ... on level 3 of the Dungeon.
             The game lasted 00:04:04 (2432 turns).

Dfrag the Firebug (Demonspawn Fire Elementalist)    Turns: 2432, Time: 00:04:05

Health: -2/30      AC:  7    Str:  9    XL:     4   Next: 53%
Magic:  5/8        EV: 12    Int: 17    God:
Gold:   153        SH:  4    Dex: 13    Spells: 8/9 levels left

rFire    . . .     SeeInvis .   n - +2 short sword (drain)
rCold    . . .     Gourm    .   (no shield)
rNeg     . . .     Faith    .   a - +0 robe
rPois    .         Spirit   .   d - +0 helmet
rElec    .         Reflect  .   (no cloak)
rCorr    .         Harm     .   (no gloves)
MR       .....                  (no boots)
Stlth    ++........             (no amulet)
HPRegen  0.10/turn              q - +4 ring of protection
MPRegen  0.11/turn              (no ring)

@: lethally poisoned (-2 -> -16), very slightly contaminated
A: claws 2, large bone plates 1
a: no special abilities


You were on level 3 of the Dungeon.
You were not hungry.

You visited 1 branch of the dungeon, and saw 3 of its levels.

You collected 153 gold pieces.

Inventory:

Hand Weapons
 i - a +0 mace
 n - a +2 short sword of draining (weapon)
Missiles
 j - 6 curare-tipped needles
Armour
 a - a +0 robe (worn)
 d - a +0 helmet (worn)
Jewellery
 q - a +4 ring of protection (left claw)
Scrolls
 e - a scroll of fear {unknown}
 l - 7 scrolls of identify {unknown}
 o - 2 scrolls of fog {unknown}
 p - a scroll of remove curse {unknown}
 u - a scroll of enchant weapon {unknown}
 y - a scroll of amnesia {unknown}
 B - a scroll of teleportation {unknown}
Potions
 h - a potion of berserk rage {unknown}
 k - a potion of might {unknown}
 m - a potion of magic {unknown}
 s - a potion of cancellation {unknown}
 t - a potion of agility {unknown}
 v - a potion of mutation {unknown}
 w - a potion of curing {unknown}
 x - a potion of degeneration {unknown}
 A - a potion of heal wounds {unknown}
Books
 b - a book of Flames

   Spells                             Type                      Level
   a - Flame Tongue                   Conjuration/Fire             1
   b - Throw Flame                    Conjuration/Fire             2
   c - Conjure Flame                  Conjuration/Fire             3
   d - Inner Flame                    Hexes/Fire                   3
   e - Sticky Flame                   Conjuration/Fire             4
   f - Fireball                       Conjuration/Fire             5
Comestibles
 c - 3 bread rations
 f - 2 meat rations
 g - 3 royal jellies
 r - 2 fruits
 z - 3 chunks of flesh


   Skills:
 - Level 1.7 Dodging
 - Level 1.7 Stealth
 + Level 3.0 Spellcasting
 + Level 2.5 Conjurations
 + Level 3.5 Fire Magic


You had 8 spell levels left.
You knew the following spells:

 Your Spells              Type           Power        Failure   Level  Hunger
a - Flame Tongue          Conj/Fire      ##...        4%          1    None


Dungeon Overview and Level Annotations

Branches:
Dungeon (3/15)

Altars:
Uskayaw

Annotations:
D:3 Ijyb


Innate Abilities, Weirdness & Mutations

You have very sharp fingernails.
You are partially covered in large bone plates. (SH +4)


Message History

Confirm with . or Enter, or press ? or * to list all spells.
Aiming: Flame Tongue
Press: ? - help, Shift-Dir - straight line, f/p - water moccasin
Aim: a water moccasin (moderately wounded)
The flame tongue misses the water moccasin.
* * * LOW HITPOINT WARNING * * *
You feel sick. The water moccasin barely misses you.
Casting: Flame Tongue
Confirm with . or Enter, or press ? or * to list all spells.
Aiming: Flame Tongue
Press: ? - help, Shift-Dir - straight line, f/p - water moccasin
Aim: a water moccasin (moderately wounded)
You miscast Flame Tongue.
You are very lightly contaminated with residual magic.
You smell smoke.
* * * LOW HITPOINT WARNING * * *
You feel sick. The water moccasin bites you.
* * * LOW HITPOINT WARNING * * *
The water moccasin bites you.
You die...

#.# #.##.####.#.#
#.######.##.# #.#.#
#........##.####.#.#
###########........#
#.......##.###
#.#####.##.# #.#
#.##.#
#####.#####.##.#
#.@.......#.##.# ##
#S###.###.#.##†###.
#. #.###.#.#...##.
#. #.......†....#.
#. #####.###...##.
#. #.####.##.. #.
#........(# #.
######.##.. #+####


You could see a water moccasin.

Vanquished Creatures
  3 adders
  A worm (D:3)
  2 dart slugs (D:1)
  6 orcs (D:3)
  2 ball pythons
  6 bats
  2 giant cockroaches
  6 goblins
  8 hobgoblins
  8 jackals
  6 kobolds
  A quokka (D:3)
  5 frilled lizards
  5 rats
61 creatures vanquished.

Notes
Turn   | Place    | Note
-------+----------+-------------------------------------------
     0 | D:1      | Dfrag the Demonspawn Fire Elementalist began the quest for the Orb.
     0 | D:1      | Reached XP level 1. HP: 13/13 MP: 3/3
   226 | D:1      | Gained mutation: You have sharp fingernails. [demonic ancestry]
   226 | D:1      | Reached XP level 2. HP: 13/19 MP: 3/5
   795 | D:2      | Gained mutation: You are partially covered in large bone plates. (SH +4) [demonic ancestry]
   795 | D:2      | Reached XP level 3. HP: 20/24 MP: 1/6
  1123 | D:2      | Found a hide-covered altar of Uskayaw.
  1476 | D:3      | Gained mutation: You have very sharp fingernails. [demonic ancestry]
  1476 | D:3      | Reached XP level 4. HP: 25/30 MP: 1/8
  1737 | D:3      | Noticed Ijyb
  2422 | D:3      | Noticed a water moccasin
  2432 | D:3      | Slain by a water moccasin

Vault maps used:
D:1:      dpeg_arrival_tiny_c
D:2:      eat_drink_and_be_merry_uskayaw
D:3:      first_bread, uniq_ijyb

Skill      XL: |  1  2  3  4 |
---------------+-------------+-----
Fire Magic     | 3 |  3.5
Conjurations   | 2 |  2.5
Spellcasting   | 3 |  3.0
Dodging        | |  1.7
Stealth        | |  1.7

Action                   |  1- 3 |  4- 6 || total
-------------------------+-------+-------++-------
Melee: Unarmed           |     5 |       ||     5
       Short sword       |    28 |    26 ||    54
       Mace              |     4 |       ||     4
 Cast: Flame Tongue      |    48 |    34 ||    82
 Stab: Sleeping          |       |     2 ||     2
  Eat: Chunk             |     2 |     3 ||     5
Armor: Robe              |    15 |    15 ||    30
Dodge: Dodged            |    37 |    38 ||    75
Block: Other             |    10 |    10 ||    20

Table legend:
 A = Spawn XP
 B = Non-spawn XP
 C = Spawn XP percentage of total XP
 D = Spawn monster count
 E = Non-spawn monster count
 F = Spawn count percentage of total count
 G = Total turns spent on level
                    A         B        C        D         E        F      G
               +---------+---------+-------+---------+---------+-------+---------
         Total |       0 |     150 |   0.0 |       0 |      61 |   0.0 |  2432
               +---------+---------+-------+---------+---------+-------+---------
           D:1 |       0 |      35 |   0.0 |       0 |      18 |   0.0 |   733
           D:2 |       0 |      51 |   0.0 |       0 |      18 |   0.0 |   755
           D:3 |       0 |      64 |   0.0 |       0 |      25 |   0.0 |   944
               +---------+---------+-------+---------+---------+-------+---------
